 Dungeon Crawl Stone Soup version 0.31-a0-229-g1fc7ce93e2 (webtiles) character file.

Game seed: 7029799368538947824

401 bjtr the Magician (level 6, 0/42 HPs)
             Began as a Demonspawn Earth Elementalist on July 7, 2023.
             Slain by a black bear (8 damage)
             ... on level 4 of the Dungeon.
             The game lasted 00:10:24 (2843 turns).

bjtr the Magician (Demonspawn Earth Elementalist)   Turns: 2843, Time: 00:10:26

Health: 0/42       AC:  5    Str:  8    XL:     6   Next: 54%
Magic:  8/13       EV: 11    Int: 19    God:
Gold:   173        SH:  0    Dex: 13    Spells: 10/15 levels left

rFire   . . .        h - +0 falchion (drain)
rCold   . . .        (no shield)
rNeg    + . .        k - +0 leather armour
rPois   +            (helmet restricted)
rElec   .            (no cloak)
rCorr   .            (no gloves)
SInv    .            (no boots)
Will    .....        e - amulet of the acrobat
Stlth   ++           p - ring of poison resistance
HPRegen 0.27/turn    t - ring of positive energy
MPRegen 0.13/turn

%: acrobat
@: very slightly contaminated
A: antennae 1, sharp scales 2
a: no special abilities


You were on level 4 of the Dungeon.
You visited 1 branch of the dungeon, and saw 4 of its levels.
You also visited: Sewer.

You collected 173 gold pieces.

Inventory:

Hand Weapons
 d - a +0 short sword
 h - a +0 falchion of draining (weapon)
 l - a +0 sling
 r - a +2 dagger of electrocution
Armour
 a - a +0 robe
 k - a +0 leather armour (worn)
Jewellery
 e - an amulet of the acrobat (around neck)
 p - a ring of poison resistance (left hand)
 t - a ring of positive energy (right hand)
 B - a ring of flight
Scrolls
 c - a scroll of fear {unknown}
 g - a scroll of acquirement {unknown}
 j - 4 scrolls of identify {unknown}
 m - 3 scrolls of enchant weapon {unknown}
 o - a scroll of torment {unknown}
 u - a scroll of enchant armour {unknown}
 v - a scroll of immolation {unknown}
 w - a scroll of fog {unknown}
 y - a scroll of teleportation
 A - a scroll of vulnerability {unknown}
Potions
 b - a potion of magic
 f - a potion of might {unknown}
 i - 3 potions of brilliance {unknown}
 n - a potion of cancellation {unknown}
 q - 2 potions of curing {unknown}
 s - 2 potions of lignification {unknown}
 x - 2 potions of mutation {unknown}
 z - a potion of ambrosia {unknown}


   Skills:
 + Level 0.7 Fighting
 + Level 1.3 Armour
 + Level 2.1 Dodging
 + Level 1.9 Stealth
 * Level 5.1 Spellcasting
 + Level 0.9 Transmutations
 + Level 0.1 Fire Magic
 + Level 4.0 Earth Magic


You had 10 spell levels left.
You knew the following spells:

 Your Spells              Type           Power      Damage    Failure   Level
a - Sandblast             Erth           40%        2d10      3%          1
b - Passwall              Tmut/Erth      11%        N/A       10%         2
c - Scorch                Fire           10%        2d5       24%         2

Your spell library contained the following spells:

 Spells                   Type           Power      Damage    Failure   Level
 Stone Arrow              Conj/Erth      24%        3d8       22%         3
 Petrify                  Tmut/Erth      14%        N/A       52%         4
 Flame Wave               Conj/Fire      5%         2d5       86%         4
 Summon Cactus Giant      Summ           2%         N/A       100%        6


Dungeon Overview and Level Annotations

Branches:
Dungeon (4/15)              Sewer (visited)
 Temple: D:4-7

Altars:
Wu Jian

Shops:
D:1 !   D:2 =


Innate Abilities, Weirdness & Mutations

You have a pair of small antennae on your head.
You are mostly covered in razor-sharp scales. (AC +2, Slay +2)


Message History

Press: ? - help, Shift-Dir - straight line, f/p - black bear
Aim: a black bear (moderately wounded, 87% to hit)
The blast of sand hits the black bear!
The black bear is heavily wounded.
The jelly quivers.
The black bear bites you. The black bear claws you.
The black bear closely misses you.
Casting: Sandblast (safe; 3% risk of failure)
Confirm with . or Enter, or press ? or * to list all spells.
Aiming: Sandblast (safe; 3% risk of failure)
Press: ? - help, Shift-Dir - straight line, f - jelly, p - black bear
Aim: a jelly (100% to hit)
The blast of sand hits the black bear!
The black bear is almost dead.
The black bear goes berserk!
The black bear bites you!
The black bear claws you but does no damage.
The black bear claws you. The jelly barely misses you.
Casting: Sandblast (safe; 3% risk of failure)
Confirm with . or Enter, or press ? or * to list all spells.
Aiming: Sandblast (safe; 3% risk of failure)
Press: ? - help, Shift-Dir - straight line, f/p - jelly
Aim: a jelly (100% to hit)
You miscast Sandblast.
You are very lightly contaminated with residual magic.
Nothing appears to happen.
The ball python hisses angrily.
The black bear bites you! The black bear claws you.
* * * LOW HITPOINT WARNING * * *
The black bear claws you but does no damage.
The jelly hits you but does no damage.
Unknown command.
Casting: Sandblast (safe; 3% risk of failure)
Confirm with . or Enter, or press ? or * to list all spells.
Aiming: Sandblast (safe; 3% risk of failure)
Press: ? - help, Shift-Dir - straight line, f - black bear, p - jelly
Aim: a black bear (severely wounded, berserk, 87% to hit)
The blast of sand hits the black bear.
The black bear is almost dead.
The black bear bites you!
You die...

#.
#.#+#####
#.S.....#
#.......#
#.......#
#.......#
#.Jh....#
#@# ###


You could see a black bear (berserk), a jelly and a ball python.

Vanquished Creatures
  Pargi (Sewer)
  A black bear (D:3)
  An ogre (D:3)
  An orc wizard (D:3)
  A gnoll (D:3)
  4 adders
  5 worms
  3 dart slugs
  2 orcs (D:3)
  5 bats
  8 endoplasms
  A giant cockroach (D:3)
  2 goblins
  2 hobgoblins (D:3)
  3 jackals (D:1)
  2 quokkas
  2 ball pythons
  2 frilled lizards (Sewer)
  4 kobolds
  3 rats
53 creatures vanquished.

Notes
Turn   | Place    | Note
-------+----------+-------------------------------------------
     0 | D:1      | bjtr the Demonspawn Earth Elementalist began the quest for
                  | the Orb.
     0 | D:1      | Reached XP level 1. HP: 13/13 MP: 3/3
    68 | D:1      | Found Ehifakou's Distillery.
   309 | D:1      | Gained mutation: You are partially covered in razor-sharp
                  | scales. (AC +1, Slay +1) [demonic ancestry]
   309 | D:1      | Reached XP level 2. HP: 19/19 MP: 3/5
   573 | D:1      | Learned a level 2 spell: Passwall
   576 | D:1      | Learned a level 2 spell: Scorch
   903 | D:2      | Found an ornate altar of the Wu Jian Council.
   921 | D:2      | Found Ciceumunne's Jewellery Shoppe.
   937 | D:2      | Reached XP level 3. HP: 24/24 MP: 4/7
  1009 | D:2      | Reached skill level 3 in Spellcasting
  1613 | D:3      | Noticed an ogre
  1619 | D:3      | Killed an ogre
  1620 | D:3      | Reached skill level 4 in Spellcasting
  1620 | D:3      | Reached XP level 4. HP: 30/30 MP: 3/10
  1657 | D:3      | Found a glowing drain.
  1659 | D:3      | Gained mutation: You are mostly covered in razor-sharp
                  | scales. (AC +2, Slay +2) [demonic ancestry]
  1659 | D:3      | Reached XP level 5. HP: 35/35 MP: 4/11
  1724 | Sewer    | Entered a sewer
  1807 | Sewer    | Noticed Pargi
  1814 | Sewer    | Killed Pargi
  1815 | Sewer    | Reached skill level 1 in Armour
  2042 | D:3      | Noticed a black bear
  2051 | D:3      | Killed a black bear
  2052 | D:3      | Gained mutation: You have a pair of small antennae on your
                  | head. [demonic ancestry]
  2052 | D:3      | Reached XP level 6. HP: 42/42 MP: 1/13
  2193 | D:3      | Found a faded altar of an unknown god.
  2362 | D:3      | Reached skill level 5 in Spellcasting
  2843 | D:4      | Slain by a black bear

Illustrated notes

Levels and vault maps discovered:
D:1:      shiori_shiawase, layout_basic, serial_shops, nicolae_square_shop,
          minivault_11
D:2:      layout_basic, basic_altar, serial_shops, nicolae_shop_tiny_glass
D:3:      minmay_door_path, layout_rooms, cheibrodos_sewer_entry_sluice,
          hellmonk_ecumenical_altar_run_dry, chequers_jeans
D:4:      layout_basic, gammafunk_temple_overflow_wave, uniq_grinder

Skill      XL: |  1  2  3  4  5  6 |
---------------+-------------------+-----
Earth Magic    | 3 4 |  4.0
Spellcasting   | 4 5 |  5.1
Armour         | 1 |  1.3
Dodging        | 2 |  2.1
Fighting       | |  0.7
Stealth        | |  1.9
Transmutations | |  0.9
Fire Magic     | |  0.1

Action                     |  1- 3 |  4- 6 || total
---------------------------+-------+-------++-------
  Melee: Short sword       |     5 |       ||     5
         Falchion          |    26 |    38 ||    64
   Cast: Sandblast         |    30 |    28 ||    58
         Passwall          |       |     1 ||     1
         Scorch            |       |     4 ||     4
    Use: Scroll            |       |     2 ||     2
   Stab: Sleeping          |       |     2 ||     2
 Armour: Leather armour    |     8 |    13 ||    21
         Robe              |     1 |       ||     1
  Dodge: Dodged            |    33 |    45 ||    78

Table legend: (Time is in decaauts)
 A = Elapsed time spent in this place.
 B = Non-inter-level travel time spent in this place.
 C = Inter-level travel time spent in this place.
 D = Time resting spent in this place.
 E = Time spent auto-exploring this place.
 F = Levels seen in this place.
 G = Mean time per level.
                   A        B        C        D        E       F      G
               +--------+--------+--------+--------+--------+-----+--------+
         Total |   2919 |   2821 |     98 |    420 |   1739 |   5 |  583.8 |
       Dungeon |   2620 |   2522 |     98 |    299 |   1631 |   4 |  655.0 |
         Sewer |    299 |    299 |      0 |    121 |    108 |   1 |  299.0 |
               +--------+--------+--------+--------+--------+-----+--------+

Top non-repeatable levels by time:
     D:3: 957 daAuts
     D:1: 864 daAuts
     D:2: 790 daAuts
   Sewer: 299 daAuts
     D:4: 7 daAuts
